 Dungeon Crawl Stone Soup version 0.30-a0-636-g200c5c4a83 (webtiles) character file.

Game seed: 1351794831655204556

24 Alitron123 the Chopper (level 3, 0/36 HPs)
             Began as an Ogre Gladiator on Jan 15, 2023.
             Slain by Terence
             ... wielding a +0 flail
              (6 damage)
             ... on level 2 of the Dungeon.
             The game lasted 00:02:40 (754 turns).

Alitron123 the Chopper (Ogre Gladiator)              Turns: 754, Time: 00:02:41

Health: 0/36       AC:  3    Str: 18 (20) XL:     3   Next: 2%
Magic:  3/3        EV: 10    Int:  7 (9)  God:
Gold:   28         SH:  0    Dex:  8 (10) Spells: 2/2 levels left

rFire   . . .      SeeInvis .    a - +0 war axe
rCold   . . .      Faith    .    (no shield)
rNeg    . . .      Spirit   .    b - +0 robe
rPois   .          Reflect  .    c - +0 hat
rElec   .          Harm     .    (no cloak)
rCorr   .          Rampage  .    (gloves unavailable)
Will    .....                    (boots unavailable)
Stlth   +                        (no amulet)
HPRegen 0.26/turn                f - +4 ring of slaying
MPRegen 0.08/turn                (no ring)

@: no status effects
A: large, unfitting armour, tough skin 1
a: no special abilities


You were on level 2 of the Dungeon.
You visited 1 branch of the dungeon, and saw 2 of its levels.

You collected 28 gold pieces.

Inventory:

Hand Weapons
 a - a +0 war axe (weapon)
 h - a +0 antimagic short sword
Missiles
 d - 3 throwing nets (quivered)
 e - a large rock
 g - 3 poisoned darts
 i - 6 atropa-tipped darts
Armour
 b - a +0 robe (worn)
 c - a +0 hat (worn)
 k - a +0 pair of boots
Jewellery
 f - a +4 ring of slaying (left hand)
Scrolls
 j - a scroll of magic mapping


   Skills:
 + Level 2.8 Fighting
 + Level 3.5 Axes
 + Level 2.1 Throwing
 + Level 3.1 Dodging


You had 2 spell levels left.
You didn't know any spells.
Your spell library contained the following spells:

 Spells                   Type           Power      Damage    Failure   Level
 Magic Dart               Conj           0%         1d3       43%         1
 Searing Ray              Conj           0%         2d4       56%         2
 Ignite Poison            Fire/Tmut/Pois 0%         N/A       80%         3
 Kindle Blastsparks       Fire/Tloc/Air  0%         2d10      80%         3
 Fulminant Prism          Conj/Hex       0%         3d5       99%         4
 Freezing Cloud           Conj/Ice/Air   0%         6-21      100%        5


Dungeon Overview and Level Annotations

Branches:
Dungeon (2/15)

Altars:

Annotations:
D:2 Terence


Innate Abilities, Weirdness & Mutations

You are too large for most types of armour.
You have tough skin. (AC +1)


Message History

A kobold comes into view.
It is wielding a +0 antimagic short sword.
Found a scroll of magic mapping.
The kobold shouts!
You hit the kobold.
You kill the kobold!
Found a pair of boots.
Things that are here:
a +0 antimagic short sword; a kobold corpse
h - a +0 antimagic short sword
Found a short sword.
j - a scroll of magic mapping
There are no items here.
You see here a +0 pair of boots.
k - a +0 pair of boots A kobold comes into view.
It is wielding a +0 dagger.
Found a fizzy coppery potion.
You see here a +0 short sword.
The kobold hits you with a +0 dagger.
You barely miss the kobold. The kobold closely misses you.
You hit the kobold.
You kill the kobold!
You have reached level 3!
Your experience leads to an increase in your attributes!
Increase (S)trength, (I)ntelligence, or (D)exterity?
You feel stronger. x3
HP restored.
You see here a +0 dagger.
l - a fizzy coppery potion
There are no items here.
It was a potion of degeneration.
There was something very wrong with that liquid.
You feel weakened.
You feel dopey.
You feel clumsy.
Terence the Incautious comes into view.
He is wielding a +0 flail.
Found 9 gold pieces.
Terence shouts!
Terence hits you with a +0 flail!
You closely miss Terence. Terence hits you with a +0 flail! x2
* * * LOW HITPOINT WARNING * * *
You barely miss Terence. Terence hits you with a +0 flail.
You die...

........#####
#..........####### #
#.####.###.......#
###.##.####.#########.#
#...................#.#
.##........#####.#.#
#..###.#.# #.#.# #..#
#.#.# #.#.# #@.# #.#.#
#...#
#.$@......#)#####...#
#.....#####.........#
...##.## #..#####.##
..### #.# #..#####.## .
#.# #..)......# ...
##.#####... #.# #.#
#..# #.# #..#


You could see Terence.

Vanquished Creatures
  2 ball pythons
  A bat (D:1)
  An endoplasm (D:1)
  A goblin (D:1)
  2 hobgoblins (D:1)
  4 jackals (D:1)
  2 quokkas (D:1)
  5 kobolds
  2 rats (D:1)
20 creatures vanquished.

Notes
Turn   | Place    | Note
-------+----------+-------------------------------------------
     0 | D:1      | Alitron123 the Ogre Gladiator began the quest for the Orb.
     0 | D:1      | Reached XP level 1. HP: 22/22 MP: 1/1
   165 | D:1      | Reached XP level 2. HP: 27/29 MP: 2/2
   713 | D:2      | Reached XP level 3. HP: 35/36 MP: 3/3
   751 | D:2      | Noticed Terence
   754 | D:2      | Slain by Terence

Illustrated notes

Levels and vault maps discovered:
D:1:      grunt_arrival_crossed_arrows, layout_loops_cross, grunt_decor_fettered
D:2:      layout_loops_ring, basic_altar, shapermc_ecumenical_altar_hornbeckon,
          uniq_terence

Skill      XL: |  1  2 |
---------------+-------+-----
Dodging        | 3 |  3.1
Fighting       | |  2.8
Axes           | |  3.5
Throwing       | |  2.1

Action                   || total
-------------------------++-------
Melee: War axe           ||    37
       Punch             ||     1
  Use: Scroll            ||     5
       Potion            ||     1
Armor: Robe              ||    14
Dodge: Dodged            ||    22

Table legend: (Time is in decaauts)
 A = Elapsed time spent in this place.
 B = Non-inter-level travel time spent in this place.
 C = Inter-level travel time spent in this place.
 D = Time resting spent in this place.
 E = Time spent auto-exploring this place.
 F = Levels seen in this place.
 G = Mean time per level.
                   A        B        C        D        E       F      G
               +--------+--------+--------+--------+--------+-----+--------+
         Total |    766 |    645 |    121 |      0 |    500 |   2 |  383.0 |
       Dungeon |    766 |    645 |    121 |      0 |    500 |   2 |  383.0 |
               +--------+--------+--------+--------+--------+-----+--------+

Top non-repeatable levels by time:
     D:1: 645 daAuts
     D:2: 121 daAuts
